 Dungeon Crawl Stone Soup version 0.29-a0-841-g116ddc6ace (webtiles) character file.

Game seed: 12400403480547438173

1846 Hubris850 the Chiller (level 9, -1/61 (65) HPs)
             Began as a Gnoll Ice Elementalist on July 14, 2022.
             Was an Initiate of Okawaru.
             Slain by a wight
             ... wielding a +6 mace
              (10 damage)
             ... on level 6 of the Dungeon.
             The game lasted 00:21:18 (4729 turns).

Hubris850 the Chiller (Gnoll Ice Elementalist)      Turns: 4729, Time: 00:21:18

HP:   -1/61 (65)    AC: 13    Str:  7    XL:     9   Next: 12%
MP:   18/18         EV: 13    Int: 19    God:    Okawaru [......]
Gold: 236           SH:  0    Dex: 13    Spells: 14/21 levels left

rFire   x . .      SeeInvis .   a - +2 whip (flame)
rCold   + . .      Faith    .   (no shield)
rNeg    . . .      Spirit   .   l - +0 leather armour
rPois   .          Reflect  .   (no helmet)
rElec   .          Harm     .   p - +0 cloak
rCorr   .          Rampage  .   x - +0 pair of gloves
Will    .....                   (no boots)
Stlth   +++.......              B - amulet of regeneration
HPRegen 1.00/turn               y - ring of ice
MPRegen 0.16/turn               (no ring)

@: ice-armoured, drained
A: fangs 1, strong nose, distributed training
a: Renounce Religion


You were on level 6 of the Dungeon.
You worshipped Okawaru.
Okawaru was noncommittal.
You visited 2 branches of the dungeon, and saw 8 of its levels.

You collected 236 gold pieces.

Inventory:

Hand Weapons
 a - a +2 whip of flaming (weapon)
 b - a +0 sling
 q - a +0 dagger
 s - a +1 dagger of speed
 A - a +3 long sword
Missiles
 r - 5 javelins
Armour
 c - a +0 robe
 l - a +0 leather armour (worn)
 o - a +0 kite shield
 p - a +0 cloak (worn)
 x - a +0 pair of gloves (worn)
Jewellery
 y - a ring of ice (left hand)
 B - an amulet of regeneration (around neck)
 C - a ring of fire
Wands
 v - a wand of light (1)
 E - a wand of iceblast (13)
Scrolls
 d - a scroll of fear {unknown}
 e - a scroll of identify
 g - a scroll of blinking {unknown}
 h - a scroll of enchant weapon {unknown}
 i - 2 scrolls of amnesia {unknown}
 k - 2 scrolls of torment {unknown}
 m - a scroll of enchant armour {unknown}
 t - 2 scrolls of fog {unknown}
 w - a scroll of vulnerability {unknown}
Potions
 f - a potion of mutation
 j - 2 potions of haste
 n - a potion of magic
 u - a potion of might
 z - a potion of invisibility
 D - a potion of curing {unknown}
 F - a potion of attraction {unknown}


   Skills:
 + Level 4.1 Fighting
 + Level 4.1 Short Blades
 + Level 4.1 Long Blades
 + Level 4.1 Axes
 + Level 4.1 Maces & Flails
 + Level 4.1 Polearms
 + Level 4.1 Staves
 + Level 4.1 Ranged Weapons
 + Level 4.1 Throwing
 + Level 4.1 Armour
 + Level 6.2 Dodging
 + Level 5.9 Stealth
 + Level 4.1 Shields
 + Level 4.1 Unarmed Combat
 + Level 6.5 Spellcasting
 + Level 3.3 Conjurations
 + Level 3.3 Hexes
 + Level 3.3 Summonings
 + Level 3.3 Necromancy
 + Level 3.3 Translocations
 + Level 3.3 Transmutations
 + Level 3.3 Fire Magic
 + Level 7.9 Ice Magic
 + Level 3.3 Air Magic
 + Level 3.3 Earth Magic
 + Level 3.3 Poison Magic
 + Level 4.5 Invocations
 + Level 4.1 Evocations


You had 14 spell levels left.
You knew the following spells:

 Your Spells              Type           Power      Damage    Failure   Level
a - Freeze                Ice            100%       1d11      1%          1
b - Frozen Ramparts       Ice            100%       1d12      1%          3
c - Ozocubu's Armour      Ice            53%        N/A       1%          3

Your spell library contained the following spells:

 Spells                   Type           Power      Damage    Failure   Level
 Necrotise                Necr           76%        1d7       3%          1
 Vampiric Draining        Necr           19%        2d7       12%         3
 Hailstorm                Conj/Ice       41%        3d10      16%         4
 Passage of Golubria      Tloc           19%        N/A       36%         4
 Agony                    Necr           19%        N/A       71%         5
 Yara's Violent Unravell  Hex/Tmut       9%         3d6       71%         5
 Tukima's Dance           Hex            Unusable   N/A       N/A         3

Dungeon Overview and Level Annotations

Branches:
Dungeon (7/15)             Temple (1/1) D:6

Altars:
Dithmenos
Hepliaklqana
Kikubaaqudgha
Makhleb
Nemelex Xobeh
Okawaru
Qazlal
Uskayaw
Vehumet
Wu Jian
Yredelemnul


Innate Abilities, Weirdness & Mutations

You have very sharp teeth.
Your uncanny sense of smell can sniff out nearby items.
Your experience applies equally to all skills.


Message History

The wight is heavily damaged.
The wight hits you with a +4 scimitar.
You closely miss the wight. Your bite misses the wight.
The wight is heavily damaged.
You barely miss the wight.
The wight is heavily damaged.
The wight closely misses you.
You hit the wight but do no damage. You bite the wight, but do no damage.
The wight is heavily damaged.
The wight hits you with a +4 scimitar!
You feel drained.
You hit the wight but do no damage.
The wight is heavily damaged.
The wight barely misses you.
You hit the wight but do no damage.
The wight is heavily damaged.
The wight hits you with a +4 scimitar.
You barely miss the wight.
The wight is heavily damaged.
The wight hits you with a +4 scimitar!
You hit the wight. You burn the wight. You bite the wight, but do no damage.
The wight is almost destroyed.
The wight hits you with a +4 scimitar.
You hit the wight but do no damage.
The wight is almost destroyed.
The wight hits you with a +4 scimitar!
* * * LOW HITPOINT WARNING * * *
You feel drained.
* * * LOW HITPOINT WARNING * * *
You completely miss the wight.
The wight is almost destroyed.
The wight hits you with a +4 scimitar.
* * * LOW HITPOINT WARNING * * *
You hit the wight. You burn the wight.
You destroy the wight!
Okawaru accepts your kill.
You hit the wight but do no damage. You hit the wight. You burn the wight.
The wight is lightly damaged.
The wight hits you with a +6 mace!
You die...

.#.#.#
############.......###.. .#.#
#..................# ### .#.#
#.##########)......##### .#
#.#####<......[))...###.......
.# #.......#########...#
#.###### .. #######.#
#...###.# #.# #####.......##
#.# #............# #.#
#@###...####.# #.# #z# ##.##
#.### #.# ###.####.# #...# #..
.....z...# ###.# ###.####.#
#.# #.# #.# #.# #.# #.# #.#
... ..# #.### ### #....


You could see a wight.

Vanquished Creatures
  Pikel (D:5)
  2 ice beasts
  2 black bears (D:6)
  2 phantoms
  3 lemures (D:5)
  A bullfrog (D:6)
  3 scorpions
  2 wights (D:6)
  3 hounds
  A gnoll bouda (D:6)
  2 orc priests
  5 iguanas
  3 orc wizards
  5 adders
  3 gnolls (D:6)
  2 shadow imps (D:5)
  A white imp (D:5)
  A worm (D:4)
  17 orcs
  A ball python (D:4)
  3 endoplasms
  3 giant cockroaches
  4 goblins
  5 hobgoblins
  5 jackals
  3 quokkas
  3 frilled lizards
  2 rats
88 creatures vanquished.

Vanquished Creatures (others)
  A plant (D:5)
1 creature vanquished.

Grand Total: 89 creatures vanquished

Notes
Turn   | Place    | Note
-------+----------+-------------------------------------------
     0 | D:1      | Hubris850 the Gnoll Ice Elementalist began the quest for
                  | the Orb.
     0 | D:1      | Reached XP level 1. HP: 13/13 MP: 6/6
    54 | D:1      | Reached XP level 2. HP: 9/19 MP: 2/7
   541 | D:2      | Reached skill level 5 in Spellcasting
   541 | D:2      | Reached XP level 3. HP: 25/25 MP: 5/9
   587 | D:3      | Found a stormy altar of Qazlal.
   773 | D:3      | Learned a level 3 spell: Frozen Ramparts
   777 | D:3      | Learned a level 3 spell: Ozocubu's Armour
   811 | D:5      | Entered Level 5 of the Dungeon
   923 | D:4      | Reached skill level 1 in Invocations
   925 | D:4      | Reached skill level 1 in Fighting
   925 | D:4      | Reached skill level 1 in Short Blades
   925 | D:4      | Reached skill level 1 in Long Blades
   925 | D:4      | Reached skill level 1 in Axes
   925 | D:4      | Reached skill level 1 in Maces & Flails
   925 | D:4      | Reached skill level 1 in Polearms
   925 | D:4      | Reached skill level 1 in Staves
   925 | D:4      | Reached skill level 1 in Ranged Weapons
   925 | D:4      | Reached skill level 1 in Throwing
   925 | D:4      | Reached skill level 1 in Armour
   925 | D:4      | Reached skill level 1 in Shields
   925 | D:4      | Reached skill level 1 in Unarmed Combat
   925 | D:4      | Reached skill level 1 in Evocations
   925 | D:4      | Reached XP level 4. HP: 28/32 MP: 7/11
  1226 | D:4      | Found a shadowy altar of Dithmenos.
  1242 | D:4      | Reached skill level 1 in Conjurations
  1242 | D:4      | Reached skill level 1 in Hexes
  1242 | D:4      | Reached skill level 1 in Summonings
  1242 | D:4      | Reached skill level 1 in Necromancy
  1242 | D:4      | Reached skill level 1 in Translocations
  1242 | D:4      | Reached skill level 1 in Transmutations
  1242 | D:4      | Reached skill level 1 in Fire Magic
  1242 | D:4      | Reached skill level 1 in Air Magic
  1242 | D:4      | Reached skill level 1 in Earth Magic
  1242 | D:4      | Reached skill level 1 in Poison Magic
  1597 | D:4      | Noticed a scorpion
  1607 | D:4      | Killed a scorpion
  1608 | D:4      | Reached XP level 5. HP: 20/37 MP: 8/12
  2242 | D:5      | Noticed an ice beast
  2296 | D:5      | Found a radiant altar of Vehumet.
  2313 | D:5      | Found a hide-covered altar of Uskayaw.
  2321 | D:5      | Noticed a lemure
  2321 | D:5      | Noticed a lemure
  2329 | D:5      | Noticed a lemure
  2341 | D:5      | Noticed a lemure
  2344 | D:5      | Noticed Pikel
  2347 | D:5      | Killed a lemure
  2350 | D:5      | Killed a lemure
  2355 | D:5      | Killed a lemure
  2356 | D:5      | Killed Pikel
  2357 | D:5      | Reached skill level 5 in Dodging
  2357 | D:5      | Reached skill level 5 in Stealth
  2357 | D:5      | Reached XP level 6. HP: 33/46 MP: 1/14
  2357 | D:5      | Reached XP level 7. HP: 36/51 MP: 1/15
  3013 | D:5      | Reached XP level 8. HP: 50/58 MP: 13/16
  4356 | D:6      | Reached XP level 9. HP: 65/65 MP: 14/18
  4632 | D:6      | Found a staircase to the Ecumenical Temple.
  4641 | Temple   | Entered the Ecumenical Temple
  4657 | Temple   | Became a worshipper of Warmaster Okawaru
  4729 | D:6      | Slain by a wight

Illustrated notes

Levels and vault maps discovered:
D:1:      elethiomel_arrival_quiet, layout_loops_cross, minmay_tetromino_i4
D:2:      layout_rooms, basic_ecumenical_altar, uniq_robin
D:3:      layout_loops_ring, lemuel_doored_altar, mainiacjoe_overflow_paths,
          chequers_serial_rivers_large_b, uniq_grinder
D:4:      layout_basic, mainiacjoe_overflow_24_doors, hangedman_decor_slide_cut,
          nicolae_elevator_lobby_plus
D:5:      layout_loops_corners, mainiacjoe_overflow_big_doors, uniq_pikel
D:6:      layout_loops_ring, temple_hall
D:7:      layout_gridville, ashenzari_altar_1, nicolae_shop_fire_sale
          [nicolae_sub_dead_trees], nicolae_shop_self_help
Temple:   dshaligram_water_room_temple

Skill      XL: |  1  2  3  4  5  6  7  8  9 |
---------------+----------------------------+-----
Spellcasting   | 5 6 |  6.5
Invocations    | 1 2 3 4 |  4.5
Fighting       | 1 2 3 4 |  4.1
Short Blades   | 1 2 3 4 |  4.1
Long Blades    | 1 2 3 4 |  4.1
Axes           | 1 2 3 4 |  4.1
Maces & Flails | 1 2 3 4 |  4.1
Polearms       | 1 2 3 4 |  4.1
Staves         | 1 2 3 4 |  4.1
Ranged Weapons | 1 2 3 4 |  4.1
Throwing       | 1 2 3 4 |  4.1
Armour         | 1 2 3 4 |  4.1
Shields        | 1 2 3 4 |  4.1
Unarmed Combat | 1 2 3 4 |  4.1
Evocations     | 1 2 3 4 |  4.1
Conjurations   | 1 2 3 |  3.3
Hexes          | 1 2 3 |  3.3
Summonings     | 1 2 3 |  3.3
Necromancy     | 1 2 3 |  3.3
Translocations | 1 2 3 |  3.3
Transmutations | 1 2 3 |  3.3
Fire Magic     | 1 2 3 |  3.3
Air Magic      | 1 2 3 |  3.3
Earth Magic    | 1 2 3 |  3.3
Poison Magic   | 1 2 3 |  3.3
Dodging        | 5 6 |  6.2
Stealth        | 5 |  5.9
Ice Magic      | |  7.9

Action                   |  1- 3 |  4- 6 |  7- 9 || total
-------------------------+-------+-------+-------++-------
Melee: Unarmed           |     6 |       |       ||     6
       Dagger            |    30 |    66 |       ||    96
       Bite              |     2 |     7 |    21 ||    30
       Punch             |     2 |       |     2 ||     4
       Whip              |       |       |   154 ||   154
 Fire: Sling             |       |     3 |     6 ||     9
Throw: Javelin           |       |     2 |     3 ||     5
 Cast: Freeze            |    16 |     9 |       ||    25
       Frozen Ramparts   |     1 |     4 |    22 ||    27
       Ozocubu's Armour  |       |     1 |     3 ||     4
  Use: Scroll            |       |       |     5 ||     5
 Stab: Sleeping          |       |     1 |     2 ||     3
Armor: Robe              |     8 |     5 |       ||    13
       Leather armour    |       |     7 |    37 ||    44
Dodge: Dodged            |    17 |    38 |    80 ||   135

Table legend: (Time is in decaauts)
 A = Elapsed time spent in this place.
 B = Non-inter-level travel time spent in this place.
 C = Inter-level travel time spent in this place.
 D = Time resting spent in this place.
 E = Time spent auto-exploring this place.
 F = Levels seen in this place.
 G = Mean time per level.
                   A        B        C        D        E       F      G
               +--------+--------+--------+--------+--------+-----+--------+
         Total |   4710 |   4561 |    149 |   1111 |   1690 |   8 |  588.8 |
       Dungeon |   4677 |   4544 |    133 |   1111 |   1690 |   7 |  668.1 |
        Temple |     32 |     16 |     16 |      0 |      0 |   1 |   32.0 |
               +--------+--------+--------+--------+--------+-----+--------+

Top non-repeatable levels by time:
     D:5: 1485 daAuts
     D:4: 1398 daAuts
     D:6: 928 daAuts
     D:2: 286 daAuts
     D:1: 278 daAuts
     D:3: 227 daAuts
     D:7: 73 daAuts
  Temple: 32 daAuts
